 Dungeon Crawl Stone Soup version 0.29.1-2-gbd0b4ee654 (webtiles) character file.

Game seed: 11161625698214003379

522 qeuew the Ducker (level 7, -4/56 HPs)
             Began as a Merfolk Monk on Nov 11, 2022.
             Killed by divine providence
             ... invoked by an orc priest
              (15 damage)
             ... on level 4 of the Dungeon.
             The game lasted 00:06:06 (4690 turns).

qeuew the Ducker (Merfolk Monk)                     Turns: 4690, Time: 00:06:07

Health: -4/56      AC:  7    Str: 13    XL:     7   Next: 22%
Magic:  7/7        EV: 15    Int: 10    God:
Gold:   114        SH:  0    Dex: 16    Spells: 4/6 levels left

rFire   . . .      SeeInvis .   d - +0 trident
rCold   . . .      Faith    .   (no shield)
rNeg    . . .      Spirit   .   b - +0 robe
rPois   .          Reflect  .   e - +0 helmet
rElec   .          Harm     .   (no cloak)
rCorr   .          Rampage  .   (no gloves)
Will    .....                   (no boots)
Stlth   ++........              (no amulet)
HPRegen 0.18/turn               i - +4 ring of protection
MPRegen 0.10/turn               (no ring)

@: no status effects
A: (nimble swimmer 2), mertail
a: no special abilities


You were on level 4 of the Dungeon.
You visited 1 branch of the dungeon, and saw 4 of its levels.
You also visited: Sewer.

You collected 114 gold pieces.

Inventory:

Hand Weapons
 d - a +0 trident (weapon)
Armour
 b - a +0 robe (worn)
 e - a +0 helmet (worn)
Jewellery
 i - a +4 ring of protection (left hand)
Scrolls
 g - 5 scrolls of teleportation
 h - a scroll of enchant armour
 j - a scroll of identify
 k - a scroll of blinking


   Skills:
 + Level 5.1 Fighting
 + Level 6.2 Polearms
 + Level 2.4 Armour
 + Level 6.2 Dodging
 - Level 2.1 Stealth
 + Level 1.7 Transmutations


You had 4 spell levels left.
You knew the following spells:

 Your Spells              Type           Power      Damage    Failure   Level
a - Wereblood             Tmut           3%         N/A       28%         2

Your spell library contained the following spells:

 Spells                   Type           Power      Damage    Failure   Level
 Beastly Appendage        Tmut           6%         N/A       19%         1
 Summon Small Mammal      Summ           0%         N/A       36%         1
 Ensorcelled Hibernation  Hex/Ice        0%         N/A       50%         2
 Spider Form              Tmut/Pois      1%         N/A       63%         3
 Call Canine Familiar     Summ           0%         N/A       75%         3
 Portal Projectile        Hex/Tloc       0%         N/A       75%         3
 Summon Guardian Golem    Hex/Summ       0%         N/A       75%         3
 Anguish                  Hex/Necr       0%         N/A       98%         4
 Animate Dead             Necr           0%         N/A       98%         4
 Leda's Liquefaction      Hex/Erth       0%         N/A       98%         4
 Haunt                    Necr/Summ      0%         N/A       100%        7
 Infestation              Necr           0%         N/A       100%        8


Dungeon Overview and Level Annotations

Branches:
Dungeon (4/15)              Sewer (visited)
 Temple: D:4-7

Altars:
Okawaru
Qazlal

Annotations:
D:3 1 runed translucent door, Crazy Yiuf


Innate Abilities, Weirdness & Mutations

((You are very nimble when in or above water. (Stealth+, EV+, Speed+++)))
Your lower body shifts to a powerful aquatic tail in water.


Message History

You hit the orc priest.
The orc priest is almost dead.
You feel less invigorated.
The orc priest hits you but does no damage.
You hear some strange, mumbled words.
A magic dart appears from out of thin air!
The magic dart hits you.
* * * LOW HITPOINT WARNING * * *
You are more confused.
You feel invigorated.
The orc priest hits you with a +4 flail.
* * * LOW HITPOINT WARNING * * *
Something completely misses you.
Unknown command.
You're too confused to move!
The orc priest misses you. Something barely misses you.
You feel less invigorated. The orc priest completely misses you.
Something hits you.
* * * LOW HITPOINT WARNING * * *
You miss the orc priest.
The orc priest is almost dead.
The orc priest hits you with a +4 flail.
* * * LOW HITPOINT WARNING * * *
Something barely misses you.
You miss the orc priest.
The orc priest is almost dead.
The orc priest looks satisfied for a moment.
Something hits you.
* * * LOW HITPOINT WARNING * * *
You barely miss the orc priest.
The orc priest is almost dead.
The orc priest calls down the wrath of Beogh upon you.
You struggle to resist.
Something hits you.
* * * LOW HITPOINT WARNING * * *
You're too confused to move!
The orc priest closely misses you. Something hits you but does no damage.
You feel less confused.
The orc priest calls down the wrath of Beogh upon you.
Beogh smites you!
You die...

........### #... #.........####
#... #...#####....#####... #...#
####....#....
##..###########......
#..#.......# ####...
#..........## ##.. #...........#
#.. ##.<@<.......# #..
#...o........# ###. ....
#...{.......## #... .....##
#............# ###.## ......###
##...........## #...#
....#...###.............####.####
.................................
o................................
~.~~.~~~~~.~.~.~~~..~~~.~~.~....~


You could see an orc priest.

Vanquished Creatures
  An orc warrior (D:3)
  An ogre (D:4)
  2 bullfrogs (Sewer)
  Natasha (D:2)
  Robin (D:1)
  3 gnolls (D:1)
  4 adders
  A worm (D:2)
  3 orcs
  11 ball pythons
  A bat (D:2)
  8 endoplasms
  10 giant cockroaches
  16 goblins
  8 hobgoblins
  7 jackals
  7 kobolds
  5 quokkas (Sewer)
  9 frilled lizards
  3 rats
102 creatures vanquished.

Notes
Turn   | Place    | Note
-------+----------+-------------------------------------------
     0 | D:1      | qeuew the Merfolk Monk began the quest for the Orb.
     0 | D:1      | Reached XP level 1. HP: 18/18 MP: 1/1
   165 | D:1      | Reached XP level 2. HP: 24/24 MP: 2/2
   762 | D:1      | Found a faded altar of an unknown god.
   923 | D:2      | Noticed Robin
   986 | D:1      | HP: 1/24 [goblin/+0 dagger[Robin] (5)]
   988 | D:1      | Killed Robin
   989 | D:1      | Reached XP level 3. HP: 18/30 MP: 3/3
  1188 | D:2      | Reached skill level 1 in Armour
  1251 | D:1      | Reached XP level 4. HP: 14/37 MP: 4/4
  1778 | D:2      | Found a stormy altar of Qazlal.
  1860 | D:2      | Noticed Natasha
  1878 | D:2      | Killed Natasha
  2062 | D:2      | Reached skill level 5 in Polearms
  2062 | D:2      | Reached skill level 5 in Dodging
  2223 | D:3      | Reached XP level 5. HP: 42/42 MP: 5/5
  2505 | D:3      | Found a glowing drain.
  2521 | Sewer    | Entered a sewer
  2674 | Sewer    | Reached XP level 6. HP: 49/49 MP: 6/6
  2849 | D:3      | Found a runed translucent door.
  2850 | D:3      | Noticed Crazy Yiuf
  3047 | D:3      | Learned a level 2 spell: Wereblood
  3112 | D:3      | Found an iron altar of Okawaru.
  3641 | D:4      | Reached skill level 5 in Fighting
  3641 | D:4      | Reached skill level 1 in Transmutations
  4066 | D:4      | Noticed an orc warrior
  4123 | D:4      | Reached XP level 7. HP: 28/56 MP: 5/7
  4394 | D:3      | HP: 2/56 [orc/+0 falchion (3)]
  4690 | D:4      | Killed from afar by an orc priest

Illustrated notes

Levels and vault maps discovered:
D:1:      erik_arrival_triangle_medium, layout_basic,
          chequers_ecumenical_altar_twisty, minmay_curled_crystal
D:2:      layout_basic, basic_altar, uniq_natasha, uniq_robin
D:3:      layout_basic, mainiacjoe_overflow_alcove_1, serial_glass,
          glass_columns_a, glass_columns_a, due_unseen_surprise,
          feat_on_display, minmay_strange_pillars, feat_on_display,
          portal_sewer_entry_a, minmay_liquid_box, kennysheep_generic_room_7,
          uniq_crazy_yiuf_cottage
D:4:      minmay_goblin_kobold_castle, layout_cave_pods

Skill      XL: |  1  2  3  4  5  6 |
---------------+-------------------+-----
Armour         | 1 2 |  2.4
Fighting       | 4 5 |  5.1
Polearms       | 5 6 |  6.2
Dodging        | 5 6 |  6.2
Transmutations | 1 |  1.7
Stealth        | |  2.1

Action                   |  1- 3 |  4- 6 |  7- 9 || total
-------------------------+-------+-------+-------++-------
Melee: Spear             |   138 |    16 |       ||   154
       Punch             |     5 |     2 |       ||     7
       Trident           |       |   208 |    38 ||   246
       Tailslap          |       |     3 |       ||     3
 Cast: Wereblood         |       |     1 |     1 ||     2
  Use: Scroll            |     4 |     3 |       ||     7
       Potion            |     1 |     1 |     5 ||     7
 Stab: Sleeping          |     4 |    15 |       ||    19
Armor: Robe              |    39 |    34 |    15 ||    88
Dodge: Dodged            |    82 |   167 |    43 ||   292
